 Dungeon Crawl Stone Soup version 0.28.0-53-g5a82cb258f (webtiles) character file.

Game seed: 7582427638722443807

58 SanguineChosen the Covered (level 4, 0/28 HPs)
             Began as a Gargoyle Fighter on July 3, 2022.
             Killed from afar by Ijyb (9 damage)
             ... with a puff of flame
             ... on level 3 of the Dungeon.
             The game lasted 00:06:29 (2084 turns).

SanguineChosen the Covered (Gargoyle Fighter)       Turns: 2084, Time: 00:06:30

Health: 0/28       AC: 14    Str: 22    XL:     4   Next: 2%
Magic:  4/4        EV:  9    Int:  8    God:
Gold:   48         SH:  4    Dex:  9    Spells: 3/3 levels left

rFire   . . .      SeeInvis .   a - +0 flail
rCold   . . .      Faith    .   c - +0 buckler
rNeg    + . .      Spirit   .   b - +0 scale mail
rPois   ∞          Reflect  .   (no helmet)
rElec   +          Harm     .   (no cloak)
rCorr   .          Rampage  .   (no gloves)
Will    .....                   (no boots)
Stlth   ..........              (no amulet)
HPRegen 0.09/turn               e - +4 ring of protection
MPRegen 0.09/turn               (no ring)

@: no status effects
A: sickness immunity, AC +3, negative energy resistance 1, electricity
resistance, torment resistance 1, petrification resistance
a: no special abilities


You were on level 3 of the Dungeon.
You visited 1 branch of the dungeon, and saw 3 of its levels.

You collected 48 gold pieces.

Inventory:

Hand Weapons
 a - a +0 flail (weapon)
Armour
 b - a +0 scale mail (worn)
 c - a +0 buckler (worn)
 o - the +0 ring mail of Soca {rF+}
   (You found it on level 3 of the Dungeon)

   rF:        It protects you from fire.
Jewellery
 e - a +4 ring of protection (left hand)
Scrolls
 g - a scroll of holy word {unknown}
 i - a scroll of identify {unknown}
 n - a scroll of fear {unknown}
Potions
 d - a potion of might
 f - a potion of haste {unknown}
 h - a potion of degeneration {unknown}
 j - a potion of mutation {unknown}
 k - a potion of curing {unknown}
 l - a potion of invisibility {unknown}
 m - a potion of cancellation {unknown}


   Skills:
 + Level 3.6 Fighting
 + Level 3.0 Maces & Flails
 + Level 3.8 Armour
 + Level 0.1 Dodging
 + Level 0.1 Stealth
 + Level 3.7 Shields


You had 3 spell levels left.
You didn't know any spells.
Your spell library contained the following spells:

 Spells                   Type           Power      Damage    Failure   Level
 Apportation              Tloc           0%         N/A       82%         1
 Alistair's Intoxication  Tmut/Pois      0%         N/A       100%        5


Dungeon Overview and Level Annotations

Branches:
Dungeon (3/15)

Altars:
Elyvilon
Hepliaklqana

Annotations:
D:3 Ijyb


Innate Abilities, Weirdness & Mutations

You are immune to sickness and miasma.
Your stone body is resilient. (AC +3)
You are immune to poison.
You resist negative energy. (rN+)
You are resistant to electric shocks. (rElec)
You are resistant to unholy torment.
You are immune to petrification.


Message History

The hobgoblin falls through a shaft!
The shaft crumbles and collapses.
No target in view!
No target in view!
You now have 48 gold pieces (gained 4).
You open the door.
There is an open door here.
There is an open door here.
There is an open door here.
Found a mace and 21 sling bullets.
Found a hazy altar of Hepliaklqana.
Ijyb the Twisted Goblin comes into view.
She is wielding a +0 dagger and carrying a wand of flame (4).
Found a white marble altar of Elyvilon.
Ijyb shouts!
Ijyb is nearby!
Ijyb zaps a wand.
The puff of flame hits you!
You closely miss Ijyb. You block Ijyb's attack. x2
You closely miss Ijyb. Ijyb hits you with a +0 dagger.
You hit Ijyb but do no damage. Ijyb completely misses you.
You barely miss Ijyb. Ijyb barely misses you.
You hit Ijyb.
Ijyb is lightly wounded.
Ijyb hits you but does no damage. x2
You hit Ijyb but do no damage.
Ijyb is lightly wounded.
Ijyb hits you with a +0 dagger.
You are too injured to fight recklessly!
You are too injured to fight recklessly!
You are too injured to fight recklessly!
You are too injured to fight recklessly!
You are too injured to fight recklessly!
You are too injured to fight recklessly!
You are too injured to fight recklessly!
You are too injured to fight recklessly!
You hit Ijyb.
Ijyb is moderately wounded.
Ijyb zaps a wand.
The puff of flame hits you.
You sock Ijyb!
Ijyb is heavily wounded.
Ijyb zaps a wand.
The puff of flame hits you!
You die...

.....###
###......#
#........##
#.........#
..........#
._..⌠.._..#
.......g..#
#......@.(#
#.......).#
###......##
######.##
######..###
#.........#
#.#######.#
#.# ... #.#
##..


You could see Ijyb.

Vanquished Creatures
  2 adders
  2 worms (D:2)
  A dart slug (D:2)
  3 endoplasms
  A giant cockroach (D:2)
  5 goblins
  5 hobgoblins
  3 quokkas (D:1)
  5 ball pythons
  A frilled lizard (D:2)
  A kobold (D:2)
  3 rats (D:2)
32 creatures vanquished.

Notes
Turn   | Place    | Note
-------+----------+-------------------------------------------
     0 | D:1      | SanguineChosen the Gargoyle Fighter began the quest for the
                  | Orb.
     0 | D:1      | Reached XP level 1. HP: 14/14 MP: 1/1
   315 | D:1      | Reached XP level 2. HP: 19/19 MP: 2/2
   384 | D:1      | Found a faded altar of an unknown god.
  1130 | D:2      | Reached XP level 3. HP: 23/23 MP: 3/3
  2010 | D:3      | Reached XP level 4. HP: 26/28 MP: 4/4
  2018 | D:3      | Identified the +0 ring mail of Soca {rF+}
  2071 | D:3      | Found a hazy altar of Hepliaklqana.
  2073 | D:3      | Found a white marble altar of Elyvilon.
  2073 | D:3      | Noticed Ijyb
  2084 | D:3      | Killed from afar by Ijyb

Illustrated notes

Levels and vault maps discovered:
D:1:      dpeg_arrival_windows_large_door, layout_loops_ring,
          hellmonk_ecumenical_altar_lost_god, serial_park_tiny_1
D:2:      minmay_skewed_foursquare, layout_loops_corners
D:3:      cheibrodos_greedy_goblins, layout_rooms, grunt_temple_overflow_open,
          chequers_serial_rivers_small_b, minmay_liquid_box, minivault_11,
          uniq_ijyb

Skill      XL: |  1  2  3 |
---------------+----------+-----
Maces & Flails | 3 |  3.0
Fighting       | |  3.6
Armour         | |  3.8
Dodging        | |  0.1
Stealth        | |  0.1
Shields        | |  3.7

Action                   |  1- 3 |  4- 6 || total
-------------------------+-------+-------++-------
Melee: Flail             |   100 |    11 ||   111
Armor: Scale mail        |    41 |     4 ||    45
Dodge: Dodged            |    37 |     4 ||    41
Block: Buckler           |    21 |     2 ||    23
